 Dungeon Crawl Stone Soup version 0.17-a0-1069-g92ad481 (webtiles) character file.

711 abixa the Cleaver (level 7, -1/50 HPs)
             Began as a Hill Orc Fire Elementalist on May 17, 2015.
             Was a Believer of Okawaru.
             Killed from afar by an orc wizard (4 damage)
             ... with a puff of frost
             ... on level 5 of the Dungeon.
             The game lasted 00:14:08 (4540 turns).

abixa the Cleaver (Hill Orc Fire Elementalist)      Turns: 4540, Time: 00:14:08

Health: -1/50      AC:  4    Str: 11    XL:     7   Next: 68%
Magic:  1/9        EV: 10    Int: 17    God:    Okawaru [**....]
Gold:   301        SH:  3    Dex: 11    Spells: 3 memorised, 3 levels left

rFire  . . .     SeeInvis .     a - +0 war axe
rCold  + . .     Clarity  .     p - +0 leather armour (curse)
rNeg   . . .     SustAb   .     s - +0 buckler (curse)
rPois  .         Gourm    .     (no helmet)
rElec  .         Spirit   .     m - +0 cloak
rCorr  .         Warding  .     (no gloves)
rMut   .         Stasis   .     (no boots)
MR     .....                    (no amulet)
Stlth  +.........               (no ring)
                                C - ring of protection from cold

@: not resistant to hostile enchantments, very unstealthy
A: no striking features
a: Heroism, Renounce Religion


You were on level 5 of the Dungeon.
You worshipped Okawaru.
Okawaru was pleased with you.
You were not hungry.

You visited 2 branches of the dungeon, and saw 6 of its levels.

You collected 301 gold pieces.

Inventory:

Hand weapons
 a - a +0 war axe (weapon)
 b - a +0 blowgun
 e - a +0 spear
 H - the +1 hunting sling of Compound Interest {velocity, rC++}
   (You found it on level 4 of the Dungeon)

   Any stone fired from it inflicts extra damage.
   It greatly protects you from cold.
Missiles
 d - 152 stones (quivered)
 w - 37 poisoned needles
 y - 12 tomahawks
 A - 46 sling bullets
Armour
 m - a +0 cloak (worn)
 o - a +0 ring mail
 p - a cursed +0 leather armour (worn)
 s - a cursed +0 buckler (worn)
 t - a cursed +0 robe
 J - a +0 helmet
Jewellery
 C - a ring of protection from cold (left hand)
Magical devices
 B - a wand of digging (12)
Scrolls
 f - a scroll of enchant weapon {unknown}
 h - 3 scrolls of identify {unknown}
 j - 2 scrolls of magic mapping {unknown}
 x - 2 scrolls of fear {unknown}
 E - a scroll of immolation {unknown}
 F - a scroll of recharging {unknown}
 K - a scroll of teleportation {unknown}
Potions
 g - a potion of degeneration {unknown}
 k - a potion of agility {unknown}
 q - 2 potions of curing {unknown}
 r - a potion of mutation {unknown}
 u - a potion of cancellation {unknown}
 z - a potion of flight {unknown}
 G - 2 potions of might {unknown}
Books
 v - a book of Flames

   Spells                             Type                      Level
   a - Flame Tongue                   Conjuration/Fire             1
   b - Throw Flame                    Conjuration/Fire             2
   c - Conjure Flame                  Conjuration/Fire             3
   d - Inner Flame                    Hexes/Fire                   3
   e - Sticky Flame                   Conjuration/Fire             4
   f - Fireball                       Conjuration/Fire             5
 D - a book of Party Tricks

   Spells                             Type                      Level
   a - Summon Butterflies             Summoning                    1
   b - Apportation                    Translocation                1
   c - Tukima's Dance                 Hexes                        3
   d - Alistair's Intoxication        Transmutation/Poison         4
   e - Invisibility                   Hexes                        6
 I - a Young Poisoner's Handbook

   Spells                             Type                      Level
   a - Sting                          Conjuration/Poison           1
   b - Cure Poison                    Poison                       2
   c - Mephitic Cloud                 Conjuration/Poison/Air       3
   d - Olgreb's Toxic Radiance        Poison                       4
   e - Venom Bolt                     Conjuration/Poison           5
Comestibles
 c - 4 bread rations
 i - 3 royal jellies
 l - a beef jerky
 n - a meat ration


   Skills:
 + Level 8.7 Axes
 - Level 1.5 Dodging
 - Level 1.5 Stealth
 - Level 1.5 Spellcasting
 - Level 3.7 Conjurations
 - Level 4.1 Fire Magic
 - Level 1.3 Invocations


You had 3 spell levels left.
You knew the following spells:

 Your Spells              Type           Power        Failure   Level  Hunger
a - Flame Tongue          Conj/Fire      ##...        12%         1    ##.....
b - Throw Flame           Conj/Fire      ##....       17%         2    ###....
c - Conjure Flame         Conj/Fire      ##......     30%         3    ####...


Dungeon Overview and Level Annotations

Branches:
Dungeon (5/15)             Temple (1/1) D:5

Altars:
Ashenzari
Cheibriados
Dithmenos
Elyvilon
Fedhas
Gozag
Nemelex Xobeh
Okawaru
Qazlal
Ru
Sif Muna
Trog
Yredelemnul
Zin


Message History

You miss something. Something hits you. Something hits you.
* * * LOW HITPOINT WARNING * * *
Something hits you.
* * * LOW HITPOINT WARNING * * *
You hear some strange, mumbled words.
A puff of flame appears from out of thin air!
The puff of flame hits you!
* * * LOW HITPOINT WARNING * * *
Unknown command.
Read which item? (? for menu, Esc to quit)
Okay, then.
Unknown command.
Unknown command.
Evoke which item? (* to show all) (? for menu, Esc to quit)
Okay, then.
Unknown command.
You hear some strange, mumbled words.
A puff of frost appears from out of thin air!
The puff of frost hits you! You resist.
You die...

#.#####...........
#.#...............
#.#+####..........
#.......#...####
+.......###.#.#
#.......#
#...#####
#.......#
###.....# ###
#.......#
#.###.####.#
.......[#
#####@..##.#
........#
#.†.......####
#.......#
#............#
#.......#
#.........####
#.......#
#.........#
#.......#
#.......Z.#
###...###
#.........####
...#
#............#
...#
#............#


You could see an orc zombie.

Vanquished Creatures
  An orc warrior (D:3)
  An ogre (D:5)
  A phantom (D:5)
  A crimson imp (D:5)
  2 hounds
  A jelly (D:5)
  An iguana (D:4)
  4 worker ants
  A hound skeleton (D:4)
  7 adders
  A gnoll (D:1)
  A shadow imp (D:5)
  An ooze (D:1)
  2 adder skeletons (D:4)
  A worm (D:5)
  15 orcs
  11 bats
  9 goblins
  5 hobgoblins
  12 kobolds
  2 quokkas (D:3)
  2 ball pythons
  4 giant cockroaches
  3 giant geckos
  A giant newt (D:2)
  16 rats
  A spectral orc (D:3)
  A fungus (D:4)
108 creatures vanquished.

Notes
Turn   | Place    | Note
--------------------------------------------------------------
     0 | D:1      | abixa the Hill Orc Fire Elementalist began the quest for the Orb.
     0 | D:1      | Reached XP level 1. HP: 14/14 MP: 3/3
   218 | D:1      | Reached XP level 2. HP: 18/20 MP: 0/4
   646 | D:1      | Reached XP level 3. HP: 20/26 MP: 1/5
   757 | D:2      | Found an iron altar of Okawaru.
   765 | D:2      | Became a worshipper of Warmaster Okawaru
   925 | D:2      | Found a sacrificial altar of Ru.
  1322 | D:2      | Reached XP level 4. HP: 15/33 MP: 1/6
  1503 | D:3      | Learned a level 2 spell: Throw Flame
  1507 | D:3      | Learned a level 3 spell: Conjure Flame
  2010 | D:3      | Reached skill level 4 in Fire Magic
  2178 | D:3      | Found a sparkling altar of Nemelex Xobeh.
  2321 | D:3      | Reached skill level 1 in Axes
  2424 | D:3      | Noticed an orc warrior
  2455 | D:3      | Killed an orc warrior
  2455 | D:3      | Acquired Okawaru's first power
  2455 | D:3      | Reached XP level 5. HP: 38/38 MP: 7/7
  2511 | D:3      | Found a basalt altar of Yredelemnul.
  2750 | D:3      | Reached XP level 6. HP: 45/45 MP: 8/8
  2936 | D:4      | Got a dazzling hunting sling
  2951 | D:4      | Identified the +1 hunting sling of Compound Interest {velocity, rC++} (You found it on level 4 of the Dungeon)
  2983 | D:4      | Reached skill level 5 in Axes
  3248 | D:4      | Reached skill level 1 in Invocations
  3559 | D:4      | Reached skill level 6 in Axes
  3564 | D:4      | Found an iron altar of Okawaru.
  3691 | D:5      | Entered Level 5 of the Dungeon
  3719 | D:5      | Reached XP level 7. HP: 24/50 MP: 0/9
  3887 | D:5      | Reached skill level 7 in Axes
  3929 | D:5      | Reached skill level 8 in Axes
  4065 | D:5      | Found a staircase to the Ecumenical Temple.
  4099 | Temple   | Entered the Ecumenical Temple
  4535 | D:5      | HP: 2/50 [something/puff of flame (8)]
  4540 | D:5      | Killed from afar by an orc wizard

Vault maps used:
D:1:      dpeg_arrival_lava_temple_mockup, minivault_14
D:2:      nicolae_ru_path_of_blood, okawaru_trees_1
D:3:      lemuel_round_altar, yredelemnul_forgotten_temple_becter
D:4:      lemuel_doored_altar, minmay_gold_behind_fungi
D:5:      nicolae_tso_carved_into_rock, minmay_temple_entry_butterflies,
          first_bread
Temple:   roderic_octagonal_lattice_temple

Action                   |  1- 3 |  4- 6 |  7- 9 || total
-------------------------+-------+-------+-------++-------
Melee: Spear             |    95 |    66 |       ||   161
       War axe           |       |    82 |    31 ||   113
 Fire: Blowgun           |       |    11 |    19 ||    30
Throw: Stone             |     2 |     1 |       ||     3
 Cast: Flame Tongue      |    17 |    47 |    30 ||    94
 Stab: Sleeping          |     3 |     1 |     1 ||     5
  Eat: Chunk             |     1 |     9 |     4 ||    14
